[Event "FIDE World Rapid Chess Championship 2021"]
[White "Parligras, Mircea-Emilian"]
[Black "Mitrabha, Guha"]
[WhiteFideId "1204297"]
[BlackFideId "5057000"]
[WhiteElo "2550"]
[BlackElo "2107"]
[Result "1/2-1/2"]
[Round "05"]
[TimeControl "900+10"]
[Date "2021.12.26"]
[WhiteClock "0:00:53"]
[BlackClock "0:00:43"]

1. d4 Nf6 2. c4 e6 3. Nf3 d5 4. Nc3 dxc4 5. e4 b5 6. e5 Nd5 7. Nxb5 Nb6 8. Be2 Nc6 9. O-O Bb7 10. Be3 Qd7 11. b3 a6 12. Nc3 cxb3 13. axb3 Nb4 14. Qb1 Be7 15. Rc1 O-O 16. Ne4 N6d5 17. Neg5 g6 18. Ne4 Nxe3 19. fxe3 Bxe4 20. Qxe4 Rfc8 21. Rc4 Rab8 22. Rac1 Nd5 23. Qd3 Bf8 24. Nd2 Bh6 25. Nf1 Qb5 26. Bf3 c5 27. dxc5 Rxc5 28. Qc2 Rxc4 29. bxc4 Nxe3 30. cxb5 Nxc2 31. Rxc2 Rxb5 32. Be2 Ra5 33. Kf2 Bf4 34. Rc6 Bxe5 35. Rxa6 Bd4+ 36. Kf3 Rc5 37. Bd3 Kg7 38. Nd2 Re5 39. Nc4 Re1 40. Rd6 Bg1 41. h3 f5 42. g4 Kf6 43. Be2 Rc1 44. g5+ Kxg5 45. Rxe6 Bd4 46. Rd6 Bc5 47. Rd5 Bb4 48. Ne5 Bc3 49. Nd3 Ra1 50. Rd7 h5 51. Rd6 h4 52. Nf4 Bf6 53. Ne6+ Kh6 54. Nf8 Ra3+ 55. Kf2 Kg7 56. Ne6+ Kh6 57. Nf4 Kg5 58. Ne6+ Kh6 59. Nf4 Kg5 60. Ne6+ Kh6 61. Nf4 1/2-1/2


[Site "http://www.Chess.com"]

[Event "FIDE World Rapid Chess Championship 2021"]
[White "Fridman, Daniel"]
[Black "Asadli, Vugar"]
[WhiteFideId "11600454"]
[BlackFideId "13405764"]
[WhiteElo "2542"]
[BlackElo "2309"]
[Result "1-0"]
[Round "05"]
[TimeControl "900+10"]
[Date "2021.12.26"]
[WhiteClock "0:05:22"]
[BlackClock "0:00:00"]

1. d4 Nf6 2. Nf3 e6 3. g3 b5 4. Bg2 Bb7 5. O-O Be7 6. Bg5 d6 7. Qd3 a6 8. Nbd2 Nbd7 9. c4 bxc4 10. Nxc4 O-O 11. b4 c5 12. dxc5 dxc5 13. bxc5 Nxc5 14. Qe3 Nce4 15. Nfe5 Bd5 16. Bxe4 Nxe4 17. Bxe7 Qxe7 18. Nb6 Rae8 19. Ned7 Bb7 20. f3 Nf6 21. Nxf8 Qxf8 22. Rac1 h5 23. Qc5 Re7 24. Rfd1 g6 25. Nc8 Bxc8 26. Qxc8 Re8 27. Qxa6 Ra8 28. Qb7 Nd5 29. Qb2 Rb8 30. Qe5 Ra8 31. e4 Nb4 32. Rd2 h4 33. gxh4 Nxa2 34. Rcd1 Qe7 35. h5 1-0


[Site "http://www.Chess.com"]

[Event "FIDE World Rapid Chess Championship 2021"]
[White "Babazada, Khazar"]
[Black "Tari, Aryan"]
[WhiteFideId "13413554"]
[BlackFideId "1510045"]
[WhiteElo "2170"]
[BlackElo "2542"]
[Result "1/2-1/2"]
[Round "05"]
[TimeControl "900+10"]
[Date "2021.12.26"]
[WhiteClock "0:08:48"]
[BlackClock "0:03:19"]

1. e4 c6 2. d4 d5 3. Nc3 dxe4 4. Nxe4 Nf6 5. Nxf6+ exf6 6. c3 Bd6 7. Bd3 O-O 8. Qc2 Re8+ 9. Ne2 h5 10. O-O h4 11. Bd2 Nd7 12. Rfe1 Nf8 13. Nf4 Bd7 14. Rxe8 Qxe8 15. Re1 Qb8 16. g3 Qc7 17. Bc4 Re8 18. Rxe8 Bxe8 19. Qf5 hxg3 20. hxg3 Qe7 21. Bd3 Bd7 22. Qh5 g6 23. Qh6 f5 24. Bc4 Ne6 25. Bxe6 Bxe6 26. Nxg6 Qf6 27. Nh4 Qxh6 28. Bxh6 f4 29. Bxf4 Bxf4 30. gxf4 Bxa2 31. Kg2 Bd5+ 32. Kg3 Kg7 33. Nf5+ Kf6 34. Nd6 b5 35. f5 Kg5 36. f3 a5 37. f4+ Kf6 38. Kf2 Ke7 39. Nb7 a4 40. Ke3 Kf6 41. Nd6 Ke7 42. Nb7 1/2-1/2


[Site "http://www.Chess.com"]

[Event "FIDE World Rapid Chess Championship 2021"]
[White "Gukesh, D"]
[Black "Pichot, Alan"]
[WhiteFideId "46616543"]
[BlackFideId "110973"]
[WhiteElo "2050"]
[BlackElo "2523"]
[Result "1-0"]
[Round "05"]
[TimeControl "900+10"]
[Date "2021.12.26"]
[WhiteClock "0:01:06"]
[BlackClock "0:00:24"]

1. d4 d5 2. c4 dxc4 3. e3 Nf6 4. Bxc4 e6 5. Nf3 a6 6. O-O c5 7. Re1 b5 8. Bf1 Bb7 9. a4 b4 10. Nbd2 Be7 11. dxc5 Nbd7 12. Nb3 O-O 13. c6 Bxc6 14. Nfd4 Bb7 15. f3 Nc5 16. e4 Nxb3 17. Nxb3 Qb8 18. Be3 Rd8 19. Qe2 Qe5 20. Qf2 Rac8 21. Bb6 Re8 22. Rac1 h5 23. Na5 Ba8 24. Rxc8 Rxc8 25. Bxa6 Bc5 26. Bxc5 Rxc5 27. Nb3 Rc7 28. Qd4 Qxd4+ 29. Nxd4 e5 30. Nb3 Rc2 31. Re2 Rc7 32. Bb5 h4 33. Rd2 Kh7 34. Na5 Rc1+ 35. Bf1 Ra1 36. b3 Kg6 37. Nc4 Kg5 38. Nxe5 Kf4 39. Nd3+ Ke3 40. Re2+ Kd4 41. Nxb4 Rb1 42. Nc2+ Kc3 43. Na3 Ra1 44. Re3+ Kd2 45. Nc4+ Kc2 46. Kf2 Bxe4 47. Re2+ Kc3 48. fxe4 Kxb3 49. Ne5 Rxa4 50. Kf3 Ra1 51. Re3+ Kb4 52. Be2 Kc5 53. Nxf7 1-0


[Site "http://www.Chess.com"]

[Event "FIDE World Rapid Chess Championship 2021"]
[White "Gumularz, Szymon"]
[Black "Oparin, Grigoriy"]
[WhiteFideId "1188062"]
[BlackFideId "24125890"]
[WhiteElo "2452"]
[BlackElo "2725"]
[Result "1/2-1/2"]
[Round "05"]
[TimeControl "900+10"]
[Date "2021.12.26"]
[WhiteClock "0:04:48"]
[BlackClock "0:03:10"]

1. e4 e5 2. Nf3 Nc6 3. d4 exd4 4. Nxd4 Bc5 5. Nb3 Bb6 6. Nc3 d6 7. Qe2 a5 8. Nd5 a4 9. Nxb6 cxb6 10. Nd2 Nf6 11. Qd3 O-O 12. Be2 d5 13. O-O Re8 14. exd5 Nxd5 15. Nf3 Ncb4 16. Qd1 Bf5 17. Nd4 Bg6 18. c3 Nc6 19. Bb5 Nxd4 20. cxd4 Re4 21. Bxa4 Nf6 22. Bb3 Rxd4 23. Qf3 Rd3 24. Be3 Nd5 25. Bxd5 1/2-1/2


[Site "http://www.Chess.com"]

[Event "FIDE World Rapid Chess Championship 2021"]
[White "Puranik, Abhimanyu"]
[Black "Smirin, Ilia"]
[WhiteFideId "5061245"]
[BlackFideId "2801990"]
[WhiteElo "2472"]
[BlackElo "2663"]
[Result "1-0"]
[Round "05"]
[TimeControl "900+10"]
[Date "2021.12.26"]
[WhiteClock "0:02:41"]
[BlackClock "0:12:22"]

1. e4 c5 2. Nc3 e6 3. Nf3 a6 4. d4 cxd4 5. Nxd4 b5 6. Bd3 Qb6 7. Nb3 Qc7 8. O-O Nf6 9. Qe2 Nc6 10. f4 d6 11. Bd2 b4 12. Na4 Be7 13. Be3 Bb7 14. Rac1 O-O 15. c4 Nd7 16. c5 dxc5 17. Nbxc5 Nxc5 18. Nxc5 Rfd8 19. e5 Bxc5 20. Bxc5 Qa5 21. Be4 Rd7 22. f5 exf5 23. Bxf5 Qd8 24. e6 Nd4 25. Bxd4 Rxd4 26. exf7+ Kf8 27. Rce1 Bc6 28. Bg6 1-0


[Site "http://www.Chess.com"]

[Event "FIDE World Rapid Chess Championship 2021"]
[White "Riazantsev, Alexander"]
[Black "Sychev, Klementy"]
[WhiteFideId "4125029"]
[BlackFideId "4114060"]
[WhiteElo "2632"]
[BlackElo "2461"]
[Result "1/2-1/2"]
[Round "05"]
[TimeControl "900+10"]
[Date "2021.12.26"]
[WhiteClock "0:00:00"]
[BlackClock "0:01:29"]

1. d4 Nf6 2. c4 e6 3. Nf3 d5 4. Bg5 dxc4 5. e4 c5 6. Nc3 cxd4 7. Qxd4 Qxd4 8. Nxd4 Bb4 9. f3 Bd7 10. Bxc4 Nc6 11. Nb3 Rc8 12. Be2 Na5 13. O-O Nc4 14. a3 Bxc3 15. bxc3 e5 16. Nd2 Be6 17. Rfb1 b6 18. Rb4 Na5 19. Rc1 Nd7 20. g3 f6 21. Be3 Ke7 22. c4 Rc7 23. Rb2 Rhc8 24. Rbc2 Nc5 25. Rc3 Rd7 26. Rb1 Rdc7 27. Rbc1 Na4 28. R3c2 Nc5 29. Rc3 1/2-1/2


[Site "http://www.Chess.com"]

[Event "FIDE World Rapid Chess Championship 2021"]
[White "Heimann, Andreas"]
[Black "Dragnev, Valentin"]
[WhiteFideId "24624632"]
[BlackFideId "1634852"]
[WhiteElo "2616"]
[BlackElo "2409"]
[Result "1/2-1/2"]
[Round "05"]
[TimeControl "900+10"]
[Date "2021.12.26"]
[WhiteClock "0:07:21"]
[BlackClock "0:03:38"]

1. e4 c5 2. Nf3 d6 3. d4 cxd4 4. Nxd4 Nf6 5. Nc3 a6 6. f4 e5 7. Nb3 Nc6 8. f5 h6 9. Bd3 Be7 10. O-O b5 11. a4 b4 12. Nd5 Nxd5 13. exd5 Na5 14. Qg4 Bf6 15. Qxb4 Nxb3 16. Qxb3 O-O 17. Be3 e4 18. Be2 Bd7 19. c3 Re8 20. Qc2 Qa5 21. Qd2 Re5 22. Rfd1 Bxf5 23. b4 Qd8 24. c4 a5 25. b5 Bg5 26. Rab1 Bd7 27. b6 Bxa4 28. Rf1 Bd7 29. Qc3 Bxe3+ 30. Qxe3 a4 31. Qd4 Re7 32. c5 dxc5 33. Qxc5 Be8 34. Rb4 Rb8 35. Rfb1 a3 36. Bc4 e3 37. d6 Rd7 38. Rd1 Rdb7 39. Qxe3 Rxb6 40. Rxb6 Qxb6 41. Qxb6 Rxb6 42. d7 Bxd7 43. Rxd7 Rb1+ 44. Kf2 a2 45. Bxf7+ Kh7 46. Bxa2 Rb2+ 47. Ke3 Rxa2 48. Rd2 1/2-1/2


[Site "http://www.Chess.com"]

[Event "FIDE World Rapid Chess Championship 2021"]
[White "Heberla, Bartlomiej"]
[Black "Timofeev, Artyom"]
[WhiteFideId "1115120"]
[BlackFideId "4140419"]
[WhiteElo "2437"]
[BlackElo "2591"]
[Result "0-1"]
[Round "05"]
[TimeControl "900+10"]
[Date "2021.12.26"]
[WhiteClock "0:00:22"]
[BlackClock "0:00:33"]

1. d4 d5 2. c4 dxc4 3. e3 Nf6 4. Bxc4 e6 5. Nf3 c5 6. O-O a6 7. a4 Nc6 8. Qe2 Be7 9. Rd1 Qc7 10. Nc3 O-O 11. Bd3 Nb4 12. Bb1 cxd4 13. exd4 b6 14. Bg5 Bb7 15. Ne5 Rad8 16. Ra3 Ba8 17. Rb3 Qb7 18. Nf3 a5 19. Bxf6 Bxf6 20. Be4 Qb8 21. Bxa8 Qxa8 22. Ne4 Be7 23. Rc3 Qd5 24. Ne5 f5 25. Ng3 Bf6 26. Nf3 g6 27. Nf1 Qd7 28. Ne3 Qxa4 29. Nc4 Nd5 30. Rcc1 Rfe8 31. Nce5 Rc8 32. Re1 Rxc1 33. Rxc1 Nf4 34. Qd2 Bxe5 35. dxe5 Qb4 36. Qc2 Qe4 37. Kf1 Qxc2 38. Rxc2 Rd8 39. Rc1 a4 40. g3 Nd3 41. Rc7 h6 42. Rb7 Nxb2 43. Rxb6 a3 44. Ra6 Nc4 45. Ra4 g5 46. Ke2 g4 47. Nh4 Rd2+ 48. Ke1 a2 0-1


[Site "http://www.Chess.com"]

[Event "FIDE World Rapid Chess Championship 2021"]
[White "Krasenkow, Michal"]
[Black "Shoker, Samy"]
[WhiteFideId "1113100"]
[BlackFideId "627143"]
[WhiteElo "2430"]
[BlackElo "2550"]
[Result "0-1"]
[Round "05"]
[TimeControl "900+10"]
[Date "2021.12.26"]
[WhiteClock "0:00:55"]
[BlackClock "0:01:20"]

1. d4 Nf6 2. c4 d6 3. Nc3 e5 4. dxe5 dxe5 5. Qxd8+ Kxd8 6. Nf3 Nfd7 7. Ng5 Ke8 8. f4 c6 9. g3 Na6 10. Be3 h6 11. Nf3 exf4 12. gxf4 Bb4 13. Rc1 Nf6 14. a3 Bc5 15. Bxc5 Nxc5 16. b4 Ne6 17. e3 a5 18. Bd3 Ke7 19. Ke2 axb4 20. axb4 Ra3 21. Kd2 Rd8 22. Kc2 g5 23. f5 Ng7 24. Nd4 Ng4 25. Kb2 Ra8 26. Rhe1 Ne5 27. f6+ Kxf6 28. Ne4+ Ke7 29. Bb1 Be6 30. Nxe6 fxe6 31. c5 Nf5 32. Rc3 Ra4 33. Rb3 Nc4+ 34. Kc1 g4 35. b5 Ra3 36. Rxa3 Nxa3 37. bxc6 bxc6 38. Ba2 Nb5 39. Kc2 Nc7 40. Ng3 Na6 41. Nxf5+ exf5 42. Rf1 Rf8 43. Kc3 Nxc5 44. Kd4 Kd6 45. Rc1 Ne4 46. Bb1 Ng5 47. Kc4 Ne6 48. Rd1+ Ke5 49. Rd7 f4 50. exf4+ Rxf4+ 51. Kc3 Rf2 52. Bd3 Rxh2 53. Bc4 Ng5 54. Rd1 g3 55. Re1+ Kf4 56. Rf1+ Nf3 0-1


[Site "http://www.Chess.com"]

[Event "FIDE World Rapid Chess Championship 2021"]
[White "Piorun, Kacper"]
[Black "Holm, Kristian Stuvik"]
[WhiteFideId "1130420"]
[BlackFideId "1508083"]
[WhiteElo "2547"]
[BlackElo "2409"]
[Result "1/2-1/2"]
[Round "05"]
[TimeControl "900+10"]
[Date "2021.12.26"]
[WhiteClock "0:00:17"]
[BlackClock "0:04:45"]

1. d4 Nf6 2. Nf3 d5 3. c4 e6 4. g3 dxc4 5. Bg2 c5 6. O-O Nc6 7. Qa4 Bd7 8. Qxc4 b5 9. Qc3 b4 10. Qd3 Rc8 11. dxc5 Bxc5 12. Be3 Bxe3 13. Qxe3 Qb6 14. Qf4 O-O 15. Nbd2 Na5 16. Ne5 Bb5 17. Ne4 Nxe4 18. Bxe4 Nc4 19. Nd3 Nd6 20. Rfc1 Nxe4 21. Qxe4 Bxd3 22. Qxd3 Rfd8 23. Rxc8 Rxc8 24. Rd1 g6 25. h4 h5 26. Qd7 Qc7 27. b3 a5 28. Qxc7 Rxc7 29. Rd8+ Kg7 30. Ra8 Rc2 31. Rxa5 Rxe2 32. Kg2 Kf6 33. Kf3 Rc2 34. Ke3 e5 35. Ra4 Kf5 36. f3 Rc3+ 37. Ke2 Rc2+ 38. Kd3 Rc3+ 39. Ke2 Rc2+ 40. Ke3 Rc3+ 1/2-1/2


[Site "http://www.Chess.com"]

[Event "FIDE World Rapid Chess Championship 2021"]
[White "Szpar, Milosz"]
[Black "Vokhidov, Shamsiddin"]
[WhiteFideId "1184989"]
[BlackFideId "14204223"]
[WhiteElo "2315"]
[BlackElo "2546"]
[Result "1/2-1/2"]
[Round "05"]
[TimeControl "900+10"]
[Date "2021.12.26"]
[WhiteClock "0:00:32"]
[BlackClock "0:00:00"]

1. e4 c5 2. Nf3 d6 3. d4 cxd4 4. Qxd4 Nf6 5. Nc3 Nc6 6. Bb5 Bd7 7. Bxc6 Bxc6 8. Bg5 e6 9. O-O-O Be7 10. Qd3 Qa5 11. h4 h6 12. Bd2 Qa6 13. Qxa6 bxa6 14. Rde1 e5 15. Nh2 O-O-O 16. f3 Rhe8 17. Ng4 Nxg4 18. fxg4 Kd7 19. Be3 Ra8 20. Rd1 Rec8 21. b3 Rab8 22. Nd5 Bxd5 23. Rxd5 Rc3 24. Rd3 Rxd3 25. cxd3 Rb7 26. g3 d5 27. exd5 Ba3+ 28. Kd1 Kd6 29. Rf1 Kxd5 30. Rf2 Bd6 31. Rc2 e4 32. Ke2 exd3+ 33. Kxd3 a5 34. Rf2 Bxg3 35. Rc2 Bd6 36. Rc4 a6 37. Ra4 Bb4 38. Bf2 Rd7 39. a3 Ke5+ 40. Ke2 Bc3 41. Rc4 Bb2 42. Bg3+ Kd5 43. Ra4 Kc6 44. Rxa5 Kb7 45. Ra4 Re7+ 1/2-1/2


[Site "http://www.Chess.com"]

[Event "FIDE World Rapid Chess Championship 2021"]
[White "Peng, Li Min"]
[Black "Zvjaginsev, Vadim"]
[WhiteFideId "14112620"]
[BlackFideId "4113403"]
[WhiteElo "2411"]
[BlackElo "2539"]
[Result "0-1"]
[Round "05"]
[TimeControl "900+10"]
[Date "2021.12.26"]
[WhiteClock "0:00:15"]
[BlackClock "0:04:10"]

1. Nf3 d6 2. e4 Nf6 3. Nc3 g6 4. d4 Bg7 5. Be2 O-O 6. O-O a6 7. a4 Nc6 8. h3 e5 9. dxe5 Nxe5 10. Nxe5 dxe5 11. Qxd8 Rxd8 12. Bg5 Be6 13. Rfd1 h6 14. Bxf6 Bxf6 15. Nd5 Bxd5 16. Rxd5 Rxd5 17. exd5 a5 18. Ra3 Be7 19. Rb3 b6 20. Bb5 Rf8 21. Re3 Bd6 22. Kf1 f5 23. Bd7 Kg7 24. c3 Kf6 25. f3 h5 26. h4 g5 27. hxg5+ Kxg5 28. Re1 Kf4 29. Rb1 h4 30. b4 h3 31. Kf2 hxg2 32. Kxg2 Rg8+ 33. Kf2 Rg3 34. Bxf5 Rxf3+ 35. Ke2 e4 36. Bd7 Rxc3 37. Rf1+ Ke5 38. bxa5 bxa5 39. Bc6 Bb4 40. Rh1 Rc2+ 41. Kd1 Rd2+ 42. Kc1 e3 43. Re1 Kd4 44. Rd1 Ba3+ 0-1


[Site "http://www.Chess.com"]

[Event "FIDE World Rapid Chess Championship 2021"]
[White "Kanarek, Marcel"]
[Black "Gabuzyan, Hovhannes"]
[WhiteFideId "1126822"]
[BlackFideId "13303732"]
[WhiteElo "2296"]
[BlackElo "2535"]
[Result "1/2-1/2"]
[Round "05"]
[TimeControl "900+10"]
[Date "2021.12.26"]
[WhiteClock "0:00:20"]
[BlackClock "0:14:10"]

1. e4 c5 2. Nf3 d6 3. d4 cxd4 4. Nxd4 Nf6 5. Nc3 a6 6. a4 Bd7 7. Be2 Nc6 8. O-O g6 9. Nb3 Na5 10. Nxa5 Qxa5 11. Be3 Bc6 12. f3 Bg7 13. Qd2 Nd7 14. Bd4 Bxd4+ 15. Qxd4 Qc5 16. Qxc5 dxc5 17. a5 e6 18. Rfd1 Ke7 19. Kf2 g5 20. h4 h6 21. Rh1 Ne5 22. g3 Rad8 23. Ke3 Rhg8 24. hxg5 hxg5 25. f4 gxf4+ 26. gxf4 Ng4+ 27. Bxg4 Rxg4 28. Rag1 Rxg1 29. Rxg1 Rd4 30. b3 Rd8 31. Na4 c4 32. Nb6 cxb3 33. cxb3 Rh8 34. Kd4 Rh3 35. Rg8 f6 36. e5 f5 37. Rg7+ Kf8 38. Rg6 Rxb3 39. Kc5 Ke7 40. Rg7+ Kf8 41. Rg6 Rc3+ 42. Kd6 Be8 43. Rf6+ Bf7 44. Nd7+ Ke8 45. Nc5 Rc4 46. Nxb7 Rxf4 47. Nc5 Rd4+ 48. Kc6 Ke7 49. Nxa6 Rd5 50. Nc5 Rxe5 51. Rh6 Be8+ 52. Kb6 Kd6 53. Nb7+ Kd5 54. Rh8 Bg6 55. a6 Re1 56. a7 Rb1+ 57. Kc7 Ra1 58. a8=Q Rxa8 59. Rxa8 f4 60. Rd8+ Ke5 61. Nd6 f3 62. Nc4+ Kf4 63. Rd4+ Be4 64. Nd2 Ke3 65. Rxe4+ Kxd2 66. Kd6 f2 67. Rf4 Ke2 68. Rxf2+ Kxf2 69. Kxe6 1/2-1/2


[Site "http://www.Chess.com"]

[Event "FIDE World Rapid Chess Championship 2021"]
[White "Yunusov, Mukhammad"]
[Black "Durarbayli, Vasif"]
[WhiteFideId "14700930"]
[BlackFideId "13402935"]
[WhiteElo "1832"]
[BlackElo "2532"]
[Result "0-1"]
[Round "05"]
[TimeControl "900+10"]
[Date "2021.12.26"]
[WhiteClock "0:01:04"]
[BlackClock "0:00:38"]

1. d4 Nf6 2. Nf3 e6 3. e3 b6 4. Bd3 Bb7 5. O-O d5 6. Nbd2 Nbd7 7. b3 Bd6 8. Bb2 c5 9. Ne5 Qe7 10. f4 a6 11. a4 Ne4 12. Bxe4 dxe4 13. Nxd7 Qxd7 14. Nc4 Rd8 15. Nxb6 Qc7 16. Nc4 Be7 17. Qg4 Bf6 18. dxc5 h5 19. Qe2 Bxb2 20. Nxb2 Qxc5 21. Rad1 Rc8 22. Nc4 Bd5 23. Rd4 g6 24. Rc1 O-O 25. Qd2 Rc7 26. a5 Rb8 27. Nb6 Qc3 28. Qxc3 Rxc3 29. Nxd5 exd5 30. Rxd5 Rbxb3 31. cxb3 Rxc1+ 32. Kf2 Rc2+ 33. Kf1 Rc3 34. b4 Rxe3 35. Rd6 Rb3 36. Rxa6 Rxb4 37. Rb6 Ra4 38. Ke2 Rxa5 39. Ke3 Ra4 40. f5 gxf5 41. Kf4 Ra5 42. Rh6 Ra2 43. Rxh5 Rf2+ 44. Kg3 e3 45. Rh6 f4+ 0-1


[Site "http://www.Chess.com"]

[Event "FIDE World Rapid Chess Championship 2021"]
[White "Murzin, Volodar"]
[Black "Jakubowski, Krzysztof"]
[WhiteFideId "44155573"]
[BlackFideId "1112848"]
[WhiteElo "2523"]
[BlackElo "2399"]
[Result "1-0"]
[Round "05"]
[TimeControl "900+10"]
[Date "2021.12.26"]
[WhiteClock "0:00:16"]
[BlackClock "0:00:46"]

1. e4 e5 2. Nf3 Nc6 3. Bb5 a6 4. Ba4 Nf6 5. O-O Be7 6. d3 d6 7. c3 O-O 8. Nbd2 Nb8 9. Re1 Nbd7 10. Nf1 Re8 11. Ng3 Bf8 12. d4 b5 13. Bc2 Bb7 14. a4 c5 15. d5 c4 16. a5 Nc5 17. Be3 Qc7 18. Nd2 Bc8 19. h3 g6 20. Nh1 Rb8 21. g4 Nfd7 22. Ng3 b4 23. Qe2 bxc3 24. bxc3 Nd3 25. Bxd3 cxd3 26. Qxd3 Nc5 27. Qc4 Rb5 28. Reb1 Bd7 29. Rxb5 axb5 30. Qb4 Ra8 31. Ne2 Nd3 32. Qb1 Nf4 33. Bxf4 exf4 34. Qb4 h5 35. f3 Qd8 36. Kg2 hxg4 37. fxg4 Bxg4 38. hxg4 Qh4 39. Nf3 Qxg4+ 40. Kf2 Be7 41. Rh1 Bf6 42. Qxd6 Bxc3 43. Rh4 Qc8 44. Nxc3 Qxc3 45. Qxf4 b4 46. Qe5 Qxe5 47. Nxe5 Rxa5 48. Ke3 f5 49. d6 1-0


[Site "http://www.Chess.com"]

[Event "FIDE World Rapid Chess Championship 2021"]
[White "Lima, Darcy"]
[Black "Aditya, Mittal"]
[WhiteFideId "2100045"]
[BlackFideId "35042025"]
[WhiteElo "2505"]
[BlackElo "1488"]
[Result "0-1"]
[Round "05"]
[TimeControl "900+10"]
[Date "2021.12.26"]
[WhiteClock "0:09:34"]
[BlackClock "0:11:46"]

1. g3 d5 2. Bg2 Nf6 3. d3 c5 4. f4 Nc6 5. Nf3 g6 6. O-O Bg7 7. Nc3 d4 8. Na4 Nd7 9. c4 a6 10. b3 Qc7 11. Rb1 b5 12. Nb2 Bb7 13. a3 O-O 14. Qc2 Rfe8 15. Nd1 e5 16. e4 dxe3 17. Nxe3 Ne7 18. Ng4 Nf5 19. fxe5 h5 20. Ne3 Bxf3 21. Bxf3 Nd4 22. Nd5 Qa7 23. Qg2 Nxf3+ 24. Qxf3 Nxe5 25. Qd1 Qd7 26. Bb2 Rad8 27. Qd2 Qg4 28. Bxe5 Rxe5 29. Rbe1 Rde8 30. Rxe5 Bxe5 31. Kh1 Bd4 32. Qf4 Qxf4 33. gxf4 Re2 34. b4 Rd2 35. Rf3 Ra2 36. cxb5 axb5 37. Nc7 Rxa3 38. Nxb5 Rb3 39. Nxd4 cxd4 40. f5 g5 41. h4 g4 42. Rf4 Rxb4 43. f6 Kh7 44. Kg2 Kg6 45. Kg3 Ra4 46. Kg2 Rb4 47. Kg3 Ra4 48. Kg2 Ra3 49. Rxd4 Kxf6 50. Rd5 Ke6 51. Rxh5 Rxd3 52. Rg5 f5 53. h5 Ke5 54. h6 Rh3 55. Rg6 Kf4 56. Ra6 Kg5 0-1


[Site "http://www.Chess.com"]

[Event "FIDE World Rapid Chess Championship 2021"]
[White "Gajewski, Grzegorz"]
[Black "Mikhalevski, Victor"]
[WhiteFideId "1116207"]
[BlackFideId "2801914"]
[WhiteElo "2496"]
[BlackElo "2366"]
[Result "1-0"]
[Round "05"]
[TimeControl "900+10"]
[Date "2021.12.26"]
[WhiteClock "0:02:48"]
[BlackClock "0:01:43"]

1. c4 Nf6 2. Nc3 d5 3. cxd5 Nxd5 4. g3 e5 5. Bg2 Nb6 6. d3 Be7 7. Be3 O-O 8. Rc1 Nc6 9. Bxc6 bxc6 10. Nf3 f6 11. Qb3+ Kh8 12. Ne4 f5 13. Nc5 f4 14. gxf4 exf4 15. Bd4 Bf6 16. Bxf6 Qxf6 17. Rg1 Nd5 18. Ne4 Qh6 19. Qc4 Rb8 20. b3 Bd7 21. Ne5 Be8 22. Qc5 g6 23. Qxa7 f3 24. e3 Qxh2 25. Kd2 Rb6 26. Qa3 Kg7 27. Qb2 Kg8 28. Rh1 Qg2 29. Rcg1 Nf6 30. Nxf6+ Rxf6 31. Ng4 c5 32. Rxg2 fxg2 33. Rg1 Rf3 34. Qe5 Kf8 35. Rxg2 Rf5 36. Qh8+ Ke7 37. e4 Rf8 38. Qe5+ Kd8 39. Qxc5 Rf3 40. Rg3 Rf7 41. Ne5 Rff6 42. Rf3 Rfe6 43. Rf8 Kc8 44. Nc4 Ra6 45. a4 1-0


[Site "http://www.Chess.com"]

[Event "FIDE World Rapid Chess Championship 2021"]
[White "Karjakin, Sergey"]
[Black "Janik, Igor"]
[WhiteFideId "14109603"]
[BlackFideId "1159259"]
[WhiteElo "2757"]
[BlackElo "2462"]
[Result "1-0"]
[Round "05"]
[TimeControl "900+10"]
[Date "2021.12.26"]
[WhiteClock "0:00:00"]
[BlackClock "0:15:10"]

1. d4 Nf6 2. Bg5 d5 3. Nd2 e6 4. e3 Be7 5. Bd3 b6 6. c3 c5 7. Ngf3 O-O 8. Ne5 Bb7 9. Bxf6 Bxf6 10. f4 Ba6 11. Bc2 Bxe5 12. dxe5 Qh4+ 13. g3 Qh3 14. Qf3 Nc6 15. O-O-O f6 16. e4 Rad8 17. exd5 exd5 18. exf6 Rxf6 19. Qf2 Ne5 20. Ne4 Rff8 21. Ng5 Qh6 22. Nxh7 Rfe8 23. Rhe1 d4 24. cxd4 cxd4 25. Ng5 d3 26. Bb3+ Bc4 27. Rxe5 Bxb3 28. Rxe8+ Rxe8 29. axb3 1-0


[Site "http://www.Chess.com"]

[Event "FIDE World Rapid Chess Championship 2021"]
[White "Tang, Andrew"]
[Black "Mamedov, Rauf"]
[WhiteFideId "2059630"]
[BlackFideId "13401653"]
[WhiteElo "2427"]
[BlackElo "2690"]
[Result "0-1"]
[Round "05"]
[TimeControl "900+10"]
[Date "2021.12.26"]
[WhiteClock "0:00:28"]
[BlackClock "0:00:55"]

1. d4 d6 2. c4 e5 3. Nf3 exd4 4. Nxd4 Nf6 5. Nc3 g6 6. g3 Bg7 7. Bg2 O-O 8. O-O Nbd7 9. b3 a6 10. Bb2 Re8 11. Qc2 Rb8 12. Rad1 Qe7 13. Nd5 Qd8 14. Rfe1 c5 15. Nf3 Nxd5 16. Rxd5 Nf6 17. Rdd1 Bf5 18. Qc1 b5 19. Nd2 Qa5 20. Qa1 Nh5 21. Bxg7 Nxg7 22. cxb5 axb5 23. Nf1 c4 24. bxc4 bxc4 25. Ne3 Rxe3 26. fxe3 c3 27. e4 Bd7 28. Rd3 c2 29. Rc1 Ba4 30. Kf2 Ne6 31. e3 Qb4 32. Rc3 Qb1 33. Rc8+ Nf8 34. Rxb8 Qxb8 35. e5 dxe5 36. Qc3 Qb1 37. Qa3 Qb5 38. Be4 Qd7 39. Qc3 Qd1 40. Qe1 Qd7 41. Qe2 Qd1 42. Qe1 Qd7 43. Kg1 Qd1 44. Kf1 Ne6 45. Bxc2 Qf3+ 46. Qf2 Qh1+ 47. Qg1 Qf3+ 48. Qf2 Qh1+ 49. Qg1 Bb5+ 50. Kf2 Qa8 51. Bb3 Ng5 52. Qg2 Qd8 53. Bd5 e4 54. Rd1 Bd3 55. Bb3 Qf6+ 56. Kg1 Qb6 57. Kf2 Qc5 58. h4 Qf5+ 59. Kg1 Nh3+ 60. Kh2 Nf2 61. Re1 Ng4+ 62. Kg1 h5 63. Bd1 Qa5 64. Re2 Bxe2 65. Qxe2 Qc3 66. Bc2 Qa1+ 67. Qd1 Qxa2 0-1


[Site "http://www.Chess.com"]

[Event "FIDE World Rapid Chess Championship 2021"]
[White "Ponkratov, Pavel"]
[Black "Baum, Jonasz"]
[WhiteFideId "4157800"]
[BlackFideId "1195360"]
[WhiteElo "2614"]
[BlackElo "2343"]
[Result "1-0"]
[Round "05"]
[TimeControl "900+10"]
[Date "2021.12.26"]
[WhiteClock "0:09:50"]
[BlackClock "0:00:10"]

1. e4 c5 2. Nf3 d6 3. d4 cxd4 4. Nxd4 Nf6 5. Nc3 a6 6. Be3 e5 7. Nf3 Be7 8. Bc4 O-O 9. O-O Be6 10. Bb3 Nc6 11. Qd3 Rc8 12. Rad1 Na5 13. Bg5 Nc4 14. Bc1 b5 15. Ng5 Bg4 16. Nf3 Qb6 17. a4 Rfd8 18. axb5 axb5 19. h3 Bh5 20. g4 Bg6 21. Qe2 h6 22. Nh4 Bh7 23. Nf5 Bf8 24. Kh2 Qc6 25. Nd5 Nxd5 26. Rxd5 Na5 27. Be3 Nxb3 28. cxb3 Qc2 29. Qxc2 Rxc2 30. Rxb5 Rxb2 31. Rd1 Rc8 32. Rd3 Re2 33. Kg2 g6 34. Nxd6 Rd8 35. Rbd5 Bxd6 36. Rxd6 Rxd6 37. Rxd6 g5 38. Kf3 Rb2 39. Rb6 Bg6 40. Bc5 Rc2 41. Bb4 Kg7 42. Ke3 Rc1 43. f3 Rc8 44. Be7 Rc3+ 45. Ke2 Rc2+ 46. Kd3 Rf2 47. Ke3 Rh2 48. Bf6+ Kh7 49. Rb8 1-0


[Site "http://www.Chess.com"]

[Event "FIDE World Rapid Chess Championship 2021"]
[White "Kozak, Adam"]
[Black "Sadzikowski, Daniel"]
[WhiteFideId "753246"]
[BlackFideId "1132253"]
[WhiteElo "2552"]
[BlackElo "2414"]
[Result "1-0"]
[Round "05"]
[TimeControl "900+10"]
[Date "2021.12.26"]
[WhiteClock "0:04:06"]
[BlackClock "0:01:45"]

1. e4 c5 2. Nf3 d6 3. Bb5+ Nd7 4. a4 Nf6 5. Nc3 g6 6. O-O Bg7 7. a5 a6 8. Be2 O-O 9. d3 b5 10. axb6 Bb7 11. h3 Nxb6 12. Be3 e5 13. Nd2 Ne8 14. f4 exf4 15. Bxf4 Nc7 16. Be3 Nb5 17. Nxb5 axb5 18. Rxa8 Qxa8 19. b4 Na4 20. bxc5 dxc5 21. Qe1 f5 22. Bf3 f4 23. Bf2 Bc3 24. Qe2 Be5 25. Nb3 c4 26. Nd4 cxd3 27. Qxd3 Ba6 28. Qb3+ Kh8 29. Ne6 Rc8 30. Ng5 Bc3 31. e5 Qb8 32. Nf7+ Kg7 33. Qe6 1-0


[Site "http://www.Chess.com"]